[Event "DVM U12w 2023"]
[Site "Magdeburg"]
[Date "2023.12.28"]
[Round "3"]
[White "Rätsch, Elina"]
[Black "Wieckowicz, Bui Ha My"]
[Result "1-0"]
[WhiteElo "869"]
[BlackElo "940"]
[PlyCount "111"]
[EventDate "2022.12.27"]
[EventType "team-tourn"]
[EventRounds "7"]
[EventCountry "GER"]
[TimeControl "40/5400+30:1800+30"]
[WhiteClock "1:06:57"]
[BlackClock "0:06:12"]

1. d4 f5 2. e3 Nf6 3. Nf3 e6 4. Bd3 d6 5. O-O b6 6. Nbd2 Bb7 7. Re1 d5 8. Ne5 Bd6 9. Ndf3 Nbd7 10. Bd2 O-O 11. Qe2 Rb8 12. c4 c6 13. Ng5 Nxe5 14. Nxe6 Qe7 15. Nxf8 Rxf8 16. dxe5 Bxe5 17. Bc3 Bxc3 18. bxc3 Re8 19. Bxf5 Qe5 20. Qd3 a6 21. Rab1 b5 22. a4 Re7 23. cxb5 axb5 24. axb5 cxb5 25. Rxb5 Ba6 26. Rb8+ Qxb8 27. Qxa6 Qe5 28. Bd3 Qxc3 29. Rb1 Nd7 30. Bb5 Nb8 31. Qd6 Rf7 32. Qxb8+ Rf8 33. Qd6 Qc2 34. Qb4 Qxf2+ 35. Kh1 Qxe3 36. Re1 Qa7 37. Bc6 Qa2 38. h3 h6 39. Rd1 Rf2 40. Bxd5+ Qxd5 41. Rxd5 Rf1+ 42. Kh2 Rf8 43. Qc4 Kh8 44. Qd4 Kg8 45. Rd8 h5 46. Rxf8+ Kxf8 47. Qf4+ Kg8 48. Qg5 g6 49. Qxg6+ Kf8 50. Qh7 Ke8 51. Kg3 Kd8 52. Kf4 Kc8 53. Ke5 Kb8 54. Kd6 Ka8 55. Kc6 Kb8 56. Qb7# {[%emt 0:00:40] normal} 1-0

[Event "DVM U12w 2023"]
[Site "Magdeburg"]
[Date "2023.12.28"]
[Round "3"]
[White "Seyedfakhari, Elena"]
[Black "Wilke, Ronja"]
[Result "0-1"]
[WhiteElo "860"]
[BlackElo "1224"]
[PlyCount "40"]
[EventDate "2022.12.27"]
[EventType "team-tourn"]
[EventRounds "7"]
[EventCountry "GER"]
[TimeControl "40/5400+30:1800+30"]
[WhiteClock "1:32:12"]
[BlackClock "1:19:10"]

1. e4 c6 2. Nc3 d5 3. exd5 cxd5 4. d4 Nc6 5. Bb5 Nf6 6. Bf4 Bd7 7. Nf3 a6 8. Ba4 b5 9. Bb3 Bg4 10. h3 Bxf3 11. Qxf3 Nxd4 12. Qxd5 Nxd5 13. Nxd5 Rc8 14. c3 Nxb3 15. axb3 Qxd5 16. b4 Qxg2 17. Rh2 Qg1+ 18. Ke2 Qxa1 19. Kd3 Rd8+ 20. Kc2 Qd1# {[%emt 0:00:18] normal} 0-1

[Event "DVM U12w 2023"]
[Site "Magdeburg"]
[Date "2023.12.28"]
[Round "3"]
[White "Satheesh, Yazhini"]
[Black "Roessler, Helena"]
[Result "1-0"]
[WhiteElo "859"]
[BlackElo "1060"]
[PlyCount "163"]
[EventDate "2022.12.27"]
[EventType "team-tourn"]
[EventRounds "7"]
[EventCountry "GER"]
[TimeControl "40/5400+30:1800+30"]
[WhiteClock "1:08:19"]
[BlackClock "0:44:01"]

1. e4 c5 2. Nc3 Nc6 3. Nf3 e6 4. Bb5 d5 5. e5 Bd7 6. d3 Nge7 7. Bf4 Nf5 8. O-O Be7 9. Qd2 O-O 10. Bg5 Bxg5 11. Qxg5 Qxg5 12. Nxg5 Nxe5 13. Bxd7 Nxd7 14. Rfe1 Nd4 15. Rac1 Nb6 16. b3 Rac8 17. Ne2 Nb5 18. c4 dxc4 19. dxc4 Nd6 20. Red1 Nf5 21. Nf3 Rcd8 22. Re1 Rd6 23. Nc3 Nd4 24. Ng5 Rfd8 25. Nge4 R6d7 26. Nxc5 Rc7 27. N5e4 h6 28. Red1 e5 29. Kf1 Nd7 30. Nd5 Rc5 31. Nxc5 Nxc5 32. f4 f6 33. g3 Ne4 34. Nc3 Nc5 35. Ne2 Nce6 36. Nxd4 Nxd4 37. Kf2 b6 38. c5 bxc5 39. Rxc5 Rd7 40. fxe5 fxe5 41. Rxe5 Rf7+ 42. Kg2 Nf3 43. Re8+ Kh7 44. Rf1 Ng5 45. Rxf7 Nxf7 46. Re7 Nd6 47. Rxa7 Nb5 48. Ra8 Nc3 49. a4 Nd5 50. a5 Nc7 51. Rc8 Na6 52. Rc6 Nb4 53. Re6 Nd5 54. Rd6 Nc7 55. a6 Nb5 56. Rd7 Kg6 57. a7 Nxa7 58. Rxa7 Kf6 59. Ra1 Ke5 60. b4 Kd5 61. Rb1 Kc6 62. b5+ Kb6 63. Kf3 g5 64. h4 gxh4 65. gxh4 h5 66. Kf4 Kb7 67. Kg5 Kb6 68. Kxh5 Kb7 69. Kg6 Kb6 70. h5 Kb7 71. h6 Kb6 72. h7 Kb7 73. h8=Q Kb6 74. Qb8+ Kc5 75. Rc1+ Kd4 76. Qd8+ Ke4 77. Re1+ Kf4 78. Qf8+ Kg3 79. Rf1 Kg2 80. Rf5 Kg3 81. Rg5+ Kh4 82. Qh8# {[%emt 0:00:05] normal} 1-0

[Event "DVM U12w 2023"]
[Site "Magdeburg"]
[Date "2023.12.28"]
[Round "3"]
[White "Scharfenberg, Leah"]
[Black "Rempel, Katharina"]
[Result "0-1"]
[WhiteElo "755"]
[BlackElo "867"]
[PlyCount "108"]
[EventDate "2022.12.27"]
[EventType "team-tourn"]
[EventRounds "7"]
[EventCountry "GER"]
[TimeControl "40/5400+30:1800+30"]
[WhiteClock "1:23:02"]
[BlackClock "1:23:14"]

1. e4 e5 2. Nf3 Nc6 3. d4 d6 4. dxe5 dxe5 5. Qxd8+ Nxd8 6. Nxe5 Bc5 7. Bc4 Nf6 8. O-O Nc6 9. Nxf7 Rf8 10. Ng5 Nd4 11. Nc3 Nxc2 12. Rb1 Bd7 13. Bf4 O-O-O 14. e5 Ng4 15. Bg3 Bc6 16. Ne6 Rfe8 17. Nxd8 Rxd8 18. Be6+ Bd7 19. Bxg4 Bxg4 20. Bh4 Rd2 21. Rbc1 Nb4 22. Rce1 Nd3 23. Re4 Bf5 24. e6 Bxe4 25. Nxe4 Rc2 26. e7 Kd7 27. Rd1 Bxe7 28. Rxd3+ Ke8 29. Bxe7 Kxe7 30. g4 Rxb2 31. Ng5 Rxa2 32. Re3+ Kd7 33. Rf3 Ra1+ 34. Kg2 a5 35. Rf7+ Kc6 36. Rxg7 a4 37. Rxh7 a3 38. Rh6+ Kb5 39. Ne4 a2 40. g5 Rb1 41. Nc3+ Kc4 42. Nxb1 a1=Q 43. Nd2+ Kc3 44. Ne4+ Kb4 45. g6 Qg7 46. Rh3 Qxg6+ 47. Ng3 c5 48. Rh4+ Kb5 49. Rf4 c4 50. h4 c3 51. h5 Qc6+ {[%emt 0:48:12] Rh4 c2+} 52. f3 {[%emt 0:00:30] c1=Q Rh1 Q6c2+ Kh3 Qe3 Rh2 Qcd3 Re2} Qxf3+ {[%emt 0:00:30] Rb2+ Kc5 Rg2 Qde3} 53. Kh2 Qg4 54. h6 Qh4+ {normal} 0-1

[Event "DVM U12w 2023"]
[Site "Magdeburg"]
[Date "2023.12.28"]
[Round "3"]
[White "Sauermann, Paula"]
[Black "Satheesh, Dharshini"]
[Result "0-1"]
[WhiteElo "754"]
[BlackElo "871"]
[PlyCount "32"]
[EventDate "2022.12.27"]
[EventType "team-tourn"]
[EventRounds "7"]
[EventCountry "GER"]
[TimeControl "40/5400+30:1800+30"]
[WhiteClock "1:09:03"]
[BlackClock "1:30:39"]

1. e4 e5 2. Nf3 Nc6 3. Bc4 Bc5 4. Nc3 Nf6 5. d3 d6 6. Bg5 h6 7. Bxf6 Qxf6 8. Nb5 Bb6 9. O-O O-O 10. Qe2 Bg4 11. Rad1 a6 12. Nc3 Nd4 13. Qe3 Nxf3+ 14. Kh1 Bxe3 15. Nd5 Qh4 16. g3 Qxh2# {[%emt 0:00:14] normal} 0-1

[Event "DVM U12w 2023"]
[Site "Magdeburg"]
[Date "2023.12.28"]
[Round "3"]
[White "Özdemir, Anna Valentina"]
[Black "Becker, Emma"]
[Result "1-0"]
[WhiteElo "693"]
[BlackElo "748"]
[PlyCount "59"]
[EventDate "2022.12.27"]
[EventType "team-tourn"]
[EventRounds "7"]
[EventCountry "GER"]
[TimeControl "40/5400+30:1800+30"]
[WhiteClock "1:33:30"]
[BlackClock "1:13:01"]

1. e4 e5 2. Nf3 Nc6 3. d4 d6 4. Bc4 Be6 5. d5 Bd7 6. dxc6 Bxc6 7. Bg5 Qd7 8. Nc3 f6 9. Bd2 Ne7 10. O-O d5 11. exd5 Bxd5 12. Bb5 c6 13. Be2 Be6 14. Bd3 Bh3 15. gxh3 Nc8 16. Qe2 h5 17. Bg6+ Ke7 18. Be3 Rh6 19. Bxh6 gxh6 20. Rad1 Qe6 21. Bxh5 Qg8+ 22. Bg4 f5 23. Qxe5+ Qe6 24. Qc5+ Ke8 25. Bh5+ Qf7 26. Bxf7+ Kxf7 27. Rd7+ Ke8 28. Qxf5 Nd6 29. Re1+ Be7 30. Rexe7# {[%emt 0:00:30] normal} 1-0

[Event "DVM U12w 2023"]
[Site "Magdeburg"]
[Date "2023.12.28"]
[Round "4"]
[White "Schirmbeck, Lilian"]
[Black "Ruddat, Maila"]
[Result "1-0"]
[WhiteElo "1585"]
[BlackElo "1187"]
[PlyCount "59"]
[EventDate "2022.12.27"]
[EventType "team-tourn"]
[EventRounds "7"]
[EventCountry "GER"]
[TimeControl "40/5400+30:1800+30"]
[WhiteClock "0:36:30"]
[BlackClock "1:01:32"]

1. e4 e5 2. Nf3 Nc6 3. Nc3 Nf6 4. d4 exd4 5. Nd5 Nxd5 6. exd5 Ne7 7. d6 cxd6 8. Qxd4 Nc6 9. Qg4 b6 10. Be2 Bb7 11. Bg5 Be7 12. Bxe7 Qxe7 13. O-O-O O-O 14. Rhe1 Qf6 15. Qxd7 Rab8 16. Qxd6 Qf5 17. Bd3 Qa5 18. a3 Qh5 19. Re4 Rbd8 20. Qg3 Qh6+ 21. Kb1 Rfe8 22. Rh4 Qf6 23. Bxh7+ Kf8 24. Bd3 g6 25. Qh3 Ke7 26. Re4+ Kd6 27. Rxe8 Rxe8 28. Ba6+ Kc7 29. Qd7+ Kb8 30. Qxb7# {[%emt 0:00:52] normal} 1-0

[Event "DVM U12w 2023"]
[Site "Magdeburg"]
[Date "2023.12.28"]
[Round "4"]
[White "Rafikova, Ailin"]
[Black "Will, Elina"]
[Result "1/2-1/2"]
[WhiteElo "1399"]
[BlackElo "1325"]
[PlyCount "45"]
[EventDate "2022.12.27"]
[EventType "team-tourn"]
[EventRounds "7"]
[EventCountry "GER"]
[TimeControl "40/5400+30:1800+30"]
[WhiteClock "0:19:15"]
[BlackClock "1:22:34"]

1. e4 e6 2. d4 d5 3. Nd2 Nf6 4. e5 Nfd7 5. Bd3 c5 6. c3 Nc6 7. Ne2 a6 8. f4 Qb6 9. Nf3 Be7 10. O-O f6 11. exf6 Bxf6 12. Bb1 O-O 13. Qd3 g6 14. Kh1 Bg7 15. Ng5 Re8 16. Qh3 Nf6 17. dxc5 Qxc5 18. Qe3 Qxe3 19. Bxe3 Ng4 20. Bc5 e5 21. h3 Nf6 22. Nf3 Nh5 23. fxe5 {[%emt 0:05:09] normal} 1/2-1/2

[Event "DVM U12w 2023"]
[Site "Magdeburg"]
[Date "2023.12.28"]
[Round "4"]
[White "John, Linnea"]
[Black "Shynkar, Daria"]
[Result "1-0"]
[WhiteElo "1393"]
[BlackElo "1316"]
[PlyCount "61"]
[EventDate "2022.12.27"]
[EventType "team-tourn"]
[EventRounds "7"]
[EventCountry "GER"]
[TimeControl "40/5400+30:1800+30"]
[WhiteClock "0:13:18"]
[BlackClock "0:15:20"]

1. e4 c5 2. Nf3 a6 3. d4 cxd4 4. Nxd4 Nf6 5. Nc3 e5 6. Nf3 Bb4 7. Bd2 d6 8. Bd3 O-O 9. h3 Nbd7 10. O-O Nc5 11. Re1 Nxd3 12. cxd3 Bc5 13. Bg5 Qb6 14. Qc2 Nd7 15. Nd5 Qa7 16. Nc7 f6 17. Nxa8 Qxa8 18. Be3 Bxe3 19. Rxe3 Qb8 20. Rc1 Nc5 21. b4 Ne6 22. Qb3 Kh8 23. Re2 f5 24. exf5 Rxf5 25. Rec2 Bd7 26. Qc4 b5 27. Qe4 Rf4 28. Qe3 Rf5 29. d4 exd4 30. Nxd4 Nxd4 31. Rc8+ {[%emt 0:01:27] normal} 1-0

[Event "DVM U12w 2023"]
[Site "Magdeburg"]
[Date "2023.12.28"]
[Round "4"]
[White "Hladeniuk, Yelyzaveta"]
[Black "Burchardi, Helena"]
[Result "1-0"]
[WhiteElo "1362"]
[BlackElo "1370"]
[PlyCount "139"]
[EventDate "2022.12.27"]
[EventType "team-tourn"]
[EventRounds "7"]
[EventCountry "GER"]
[TimeControl "40/5400+30:1800+30"]
[WhiteClock "0:27:49"]
[BlackClock "0:46:09"]

1. d4 d5 2. c4 e6 3. Nc3 Nf6 4. cxd5 exd5 5. Bg5 Be7 6. e3 O-O 7. Nf3 Bg4 8. Be2 Nbd7 9. O-O c6 10. a3 Re8 11. b4 a6 12. Qb3 Ne4 13. Bxe7 Qxe7 14. Qb2 b5 15. h3 Be6 16. Bd3 Ndf6 17. Ne5 Qc7 18. Rac1 Rab8 19. Nxe4 dxe4 20. Rxc6 Qb7 21. Be2 Nd5 22. Rfc1 f6 23. Ng4 Re7 24. Nh2 Nb6 25. R6c2 Nc4 26. Bxc4 Bxc4 27. Nf1 Ree8 28. Nd2 Bf7 29. Rc7 Qd5 30. Ra7 Ra8 31. Rac7 Qg5 32. Qc2 Be6 33. Nxe4 Qg6 34. Nd6 Qxc2 35. R1xc2 Red8 36. R2c6 Bd7 37. Rb6 Be6 38. Ne4 Bd5 39. Nc3 h6 40. Nxd5 Rxd5 41. Rbb7 Rg5 42. Ra7 Rd8 43. Rxa6 Re8 44. Rc5 Rb8 45. Ra5 Kf8 46. h4 Rxc5 47. dxc5 Ke8 48. Ra7 Kd8 49. Kf1 g6 50. Ke2 Kc8 51. Kd3 Rb7 52. Rxb7 Kxb7 53. Kd4 Kc6 54. g4 Kc7 55. Kd5 Kd7 56. f4 Kc7 57. g5 hxg5 58. fxg5 fxg5 59. hxg5 Kd7 60. e4 Kc7 61. e5 Kd7 62. c6+ Kd8 63. Kd6 Kc8 64. c7 Kb7 65. Kd7 Kb6 66. c8=Q Ka7 67. Qc5+ Ka6 68. Qd6+ Kb7 69. Qf8 Kb6 70. e6 {[%emt 0:01:17] normal} 1-0

[Event "DVM U12w 2023"]
[Site "Magdeburg"]
[Date "2023.12.28"]
[Round "4"]
[White "Noennig, Lotte"]
[Black "Xu, Dorothea Sicheng"]
[Result "1-0"]
[WhiteElo "1345"]
[BlackElo "1118"]
[PlyCount "97"]
[EventDate "2022.12.27"]
[EventType "team-tourn"]
[EventRounds "7"]
[EventCountry "GER"]
[TimeControl "40/5400+30:1800+30"]
[WhiteClock "0:48:43"]
[BlackClock "0:44:18"]

1. e4 e5 2. Nf3 Nc6 3. Bc4 Nf6 4. d3 h6 5. c3 Bc5 6. Nbd2 O-O 7. h3 d5 8. exd5 Nxd5 9. O-O Re8 10. Ne4 Bb6 11. Bb3 a6 12. Re1 Bf5 13. Ng3 Bg6 14. Qe2 Nf4 15. Qd1 Nxd3 16. Re2 e4 17. Ne1 Nxe1 18. Qxe1 Qe7 19. Bf4 Rad8 20. Kh1 Qh4 21. Be3 Bxe3 22. Rxe3 Re5 23. Qe2 Rde8 24. Re1 b5 25. Qd2 Rd8 26. Qc2 Rde8 27. a4 Qf4 28. axb5 axb5 29. c4 Nd4 30. Qc3 Nxb3 31. Qxb3 bxc4 32. Qxc4 R8e7 33. R3e2 c5 34. Nf1 Bh5 35. f3 e3 36. Qxf4 g5 37. Qc4 Kg7 38. Rxe3 Rxe3 39. Rxe3 Rxe3 40. Nxe3 Kh7 41. Qxc5 Bg6 42. b4 Kg7 43. b5 Kh7 44. b6 Kg7 45. b7 Bd3 46. Qd4+ Kg6 47. b8=Q Ba6 48. Qg8+ Kh5 49. Qg4# {[%emt 0:00:07] normal} 1-0

[Event "DVM U12w 2023"]
[Site "Magdeburg"]
[Date "2023.12.28"]
[Round "4"]
[White "Busch, Lara Sophie"]
[Black "Gerth, Lydia"]
[Result "1-0"]
[WhiteElo "1330"]
[BlackElo "1214"]
[PlyCount "127"]
[EventDate "2022.12.27"]
[EventType "team-tourn"]
[EventRounds "7"]
[EventCountry "GER"]
[TimeControl "40/5400+30:1800+30"]
[WhiteClock "1:03:15"]
[BlackClock "0:56:51"]

1. e4 e6 2. d4 d5 3. exd5 exd5 4. Nf3 Bd6 5. Nc3 Nf6 6. Bg5 c6 7. Bd3 Bg4 8. h3 Bh5 9. Qe2+ Qe7 10. Bxf6 gxf6 11. Qxe7+ Bxe7 12. Nh4 O-O 13. O-O Bd6 14. Nf5 Bc7 15. Rfe1 Nd7 16. Re7 Rad8 17. Rae1 Kh8 18. R1e3 Bf4 19. Re1 Bd2 20. Rb1 Rfe8 21. g4 Bg6 22. Rd1 Rxe7 23. Nxe7 Bxd3 24. Rxd2 Bg6 25. Re2 Nb6 26. Nxg6+ fxg6 27. Re7 Nd7 28. Ne2 b5 29. Nf4 Nb6 30. Rxa7 Nc4 31. b3 Nd2 32. Kg2 Re8 33. Rf7 Re4 34. Kg3 Nf1+ 35. Kg2 Rxf4 36. Kxf1 Rxd4 37. Rxf6 Rd2 38. Rxc6 d4 39. Ke1 Rxc2 40. Rxc2 d3 41. Rd2 Kg7 42. Rxd3 Kf6 43. Rd5 Ke6 44. Rxb5 Kd6 45. a4 Kc6 46. b4 h6 47. f4 Kc7 48. h4 Kc6 49. h5 gxh5 50. gxh5 Kc7 51. f5 Kd6 52. Rc5 Ke7 53. a5 Kf6 54. a6 Kg5 55. a7 Kxh5 56. a8=Q Kg5 57. f6+ Kg6 58. Qh8 Kf7 59. Qxh6 Ke6 60. f7+ Kd7 61. f8=N+ Ke7 62. Rc7+ Ke8 63. Qh7 Kd8 64. Qd7# {[%emt 0:00:08] normal} 1-0

[Event "DVM U12w 2023"]
[Site "Magdeburg"]
[Date "2023.12.28"]
[Round "4"]
[White "Kuebart, Ela Marie"]
[Black "Winkler, Frida"]
[Result "0-1"]
[WhiteElo "1325"]
[BlackElo "1298"]
[PlyCount "94"]
[EventDate "2022.12.27"]
[EventType "team-tourn"]
[EventRounds "7"]
[EventCountry "GER"]
[TimeControl "40/5400+30:1800+30"]
[WhiteClock "0:21:33"]
[BlackClock "0:56:09"]

1. d4 Nf6 2. c3 e6 3. e3 c5 4. f4 b6 5. Bd3 Ba6 6. b3 cxd4 7. exd4 Be7 8. Nf3 Bxd3 9. Qxd3 O-O 10. O-O d6 11. f5 e5 12. dxe5 dxe5 13. Qxd8 Rxd8 14. Nxe5 Rd5 15. Re1 Bd6 16. Nc4 Bc5+ 17. Be3 Rxf5 18. Bxc5 Rxc5 19. Nbd2 Nbd7 20. Ne4 Nxe4 21. Rxe4 b5 22. Nd6 a6 23. Re7 Nf6 24. Rc1 Nd5 25. Rxf7 Rc6 26. Rd7 Nf6 27. Re7 Rxd6 28. c4 bxc4 29. bxc4 Rad8 30. c5 Rd1+ 31. Rxd1 Rxd1+ 32. Kf2 Rd2+ 33. Ke3 Rxa2 34. Kd4 Ra4+ 35. Ke5 Re4+ 36. Kd6 Ne8+ 37. Kd7 Nf6+ 38. Kd6 Rd4+ 39. Kc6 a5 40. Kb5 Rd5 41. Kc4 a4 42. c6 Rd8 43. Rb7 Rc8 44. c7 Ne8 45. Rb8 Rxc7+ 46. Kb4 Kf8 47. Kxa4 Rc2 {[%emt 0:00:20] normal} 0-1

[Event "DVM U12w 2023"]
[Site "Magdeburg"]
[Date "2023.12.28"]
[Round "4"]
[White "Leicher, Anna"]
[Black "Briese, Sophie"]
[Result "0-1"]
[WhiteElo "1279"]
[BlackElo "1207"]
[PlyCount "88"]
[EventDate "2022.12.27"]
[EventType "team-tourn"]
[EventRounds "7"]
[EventCountry "GER"]
[TimeControl "40/5400+30:1800+30"]

1. e4 e5 2. Nf3 Nc6 3. Bc4 Bc5 4. c3 d6 5. d4 Bb6 6. dxe5 dxe5 7. Qxd8+ Kxd8 8. Bxf7 Nf6 9. Bd5 Rf8 10. O-O Bg4 11. Bg5 h6 12. Bxf6+ Rxf6 13. Nbd2 Kd7 14. Bxc6+ Rxc6 15. Nxe5+ Ke8 16. Nxg4 Rd8 17. Nb3 h5 18. Ne5 Re6 19. Nc4 Rxe4 20. Rfe1 Rxe1+ 21. Rxe1+ Kf8 22. Nxb6 axb6 23. Nd4 Rd6 24. Re5 c5 25. Ne6+ Kg8 26. g3 Kf7 27. Nf4 g6 28. Rd5 Rxd5 29. Nxd5 b5 30. Nc7 b4 31. cxb4 cxb4 32. Nd5 Ke8 33. Nxb4 b6 34. Nd5 b5 35. Nc7+ Kd8 36. Nxb5 Kc8 37. a4 Kb8 38. b4 Kc8 39. Kg2 Kd8 40. Kf3 g5 41. h4 g4+ 42. Kf4 Ke7 43. a5 Kd7 44. a6 {[%emt 0:00:00] Kc7 Nd4 Kb8 b5 Ka7 Kg5 Kb8 b6 Ka8 b7+ Ka7 Nc6+ Kxa6 Na5 Ka7 Kxh5 Kb8 Kxg4 Kc7 h5 Kb8 h6 Kc7 h7 Kb8 h8=Q+ Kc7 Qc3+ Kd7 Qe5} Kd8 {[%emt 0:00:00] normal b8=Q+ Kd7 Qbc7#} 0-1

[Event "DVM U12w 2023"]
[Site "Magdeburg"]
[Date "2023.12.28"]
[Round "4"]
[White "Korwitz, Pauline"]
[Black "Schmegel, Alina"]
[Result "1-0"]
[WhiteElo "1219"]
[BlackElo "892"]
[PlyCount "49"]
[EventDate "2022.12.27"]
[EventType "team-tourn"]
[EventRounds "7"]
[EventCountry "GER"]
[TimeControl "40/5400+30:1800+30"]
[WhiteClock "1:28:25"]
[BlackClock "1:26:48"]

1. e4 e5 2. Nf3 Nc6 3. d4 d6 4. Nc3 Bg4 5. d5 Nd4 6. h3 Nxf3+ 7. gxf3 Bh5 8. Bb5+ c6 9. dxc6 bxc6 10. Bxc6+ Ke7 11. Bxa8 Qxa8 12. Nd5+ Ke8 13. Nc7+ Kd8 14. Nxa8 g6 15. Qd3 f5 16. exf5 gxf5 17. Qxf5 Bg6 18. Qxf8+ Be8 19. Qxd6+ Bd7 20. Bg5+ Ke8 21. Nc7+ Kf7 22. Qxd7+ Kg6 23. Rg1 h6 24. Bh4+ Kh5 25. Qg4# {[%emt 0:00:22] normal} 1-0

[Event "DVM U12w 2023"]
[Site "Magdeburg"]
[Date "2023.12.28"]
[Round "4"]
[White "Cao, Weiqi"]
[Black "Fedorova, Marina"]
[Result "1-0"]
[WhiteElo "1191"]
[BlackElo "1144"]
[PlyCount "136"]
[EventDate "2022.12.27"]
[EventType "team-tourn"]
[EventRounds "7"]
[EventCountry "GER"]
[TimeControl "40/5400+30:1800+30"]
[WhiteClock "1:34:30"]
[BlackClock "0:26:06"]

1. d4 d5 2. Nf3 Nf6 3. g3 Bf5 4. Bg2 e6 5. O-O Be7 6. c4 c6 7. Nc3 h6 8. Re1 Nbd7 9. h3 h5 10. Nh4 Bh7 11. Bg5 O-O 12. Qb3 Qb6 13. Qxb6 Nxb6 14. cxd5 cxd5 15. e4 dxe4 16. Nxe4 Bxe4 17. Bxe4 Nxe4 18. Bxe7 Rfe8 19. Rxe4 Rxe7 20. Nf5 Rd7 21. Nh4 f5 22. Rxe6 Rf8 23. Nf3 Nd5 24. Rd1 Ne7 25. Ne5 Rc7 26. Kg2 Nc6 27. Nxc6 bxc6 28. Rc1 Rfc8 29. Re5 g6 30. Rec5 Rb8 31. Rxc6 Rxc6 32. Rxc6 Rxb2 33. Rxg6+ Kf7 34. Ra6 Rb7 35. Ra5 Kf6 36. Ra6+ Kg7 37. Kf3 Re7 38. d5 Rd7 39. Kf4 Rxd5 40. Rxa7+ Kg6 41. Ra6+ Kg7 42. Kg5 Rd7 43. Kxh5 Rf7 44. Ra8 f4 45. a4 fxg3 46. fxg3 Rd7 47. a5 Rd5+ 48. Kg4 Rd4+ 49. Kh5 Rd5+ 50. Kh4 Rd6 51. g4 Rh6+ 52. Kg3 Rc6 53. a6 Rc3+ 54. Kh4 Rc6 55. a7 Rh6+ 56. Kg3 Ra6 57. Kf4 Ra5 58. Ke4 Kf7 59. Kd4 Ke7 60. Kc4 Kd7 61. g5 Kc6 62. Rc8+ Kb7 63. a8=Q+ Rxa8 64. Rxa8 Kxa8 65. g6 Kb8 66. g7 Kc7 67. g8=Q Kd6 68. Qd5+ Kc7 {[%emt 0:00:00] normal} 1-0

[Event "DVM U12w 2023"]
[Site "Magdeburg"]
[Date "2023.12.28"]
[Round "4"]
[White "Wolf, Helena"]
[Black "Roessling, Laura Marie"]
[Result "0-1"]
[WhiteElo "1188"]
[BlackElo "1232"]
[PlyCount "139"]
[EventDate "2022.12.27"]
[EventType "team-tourn"]
[EventRounds "7"]
[EventCountry "GER"]
[TimeControl "40/5400+30:1800+30"]
[WhiteClock "0:12:41"]
[BlackClock "0:49:29"]

1. e4 e5 2. Nf3 Nc6 3. Bc4 Bc5 4. c3 Nf6 5. d3 O-O 6. O-O h6 7. Nbd2 d6 8. h3 Be6 9. Bb3 Qe7 10. Re1 Bb6 11. Nc4 Bxc4 12. Bxc4 Na5 13. Bb5 c6 14. Ba4 c5 15. a3 Rac8 16. b4 cxb4 17. cxb4 Nc6 18. Bb2 Rfd8 19. Bb3 a6 20. Rc1 Nh7 21. Qd2 Qf6 22. Bd5 Ng5 23. Nxg5 hxg5 24. Rf1 Qe7 25. a4 Nd4 26. Rfe1 Ra8 27. a5 Ba7 28. Rc3 Rac8 29. Rec1 Rxc3 30. Rxc3 b5 31. Kf1 Ne6 32. Rc6 Nc7 33. Bb3 Rd7 34. Bc1 Qf6 35. f3 g4 36. Qg5 gxh3 37. Qxf6 hxg2+ 38. Kxg2 gxf6 39. Bb2 Kg7 40. Kg3 Be3 41. Kg4 Kg6 42. Rc2 Ne6 43. Bc1 Nd4 44. Bxe3 Nxc2 45. Bxc2 Rc7 46. Bb1 Rc3 47. Kg3 Rb3 48. Bc2 Rxb4 49. Bb6 Rb2 50. Bd1 Rd2 51. Bb3 Rxd3 52. Bd5 b4 53. Bc4 Rc3 54. Bxa6 b3 55. Bb7 b2 56. a6 Ra3 57. a7 Rxa7 58. Bxa7 b1=Q 59. Bd5 Qc1 60. Kf2 Qb2+ 61. Kg3 Qd2 62. Bb8 Qf4+ 63. Kf2 Qd2+ 64. Kg3 Qb4 65. Ba7 Kg7 66. Kf2 Qd2+ 67. Kg3 f5 68. Bc6 f4+ 69. Kh3 Qe2 70. Kg4 {[%emt 0:00:27] normal} 0-1

[Event "DVM U12w 2023"]
[Site "Magdeburg"]
[Date "2023.12.28"]
[Round "4"]
[White "Oschinski, Mathilda"]
[Black "Böhrer, Lea Marie"]
[Result "1-0"]
[WhiteElo "1155"]
[BlackElo "939"]
[PlyCount "27"]
[EventDate "2022.12.27"]
[EventType "team-tourn"]
[EventRounds "7"]
[EventCountry "GER"]
[TimeControl "40/5400+30:1800+30"]
[WhiteClock "1:29:28"]
[BlackClock "1:26:56"]

1. d4 d5 2. Nc3 Nf6 3. Bf4 Nc6 4. Nb5 Rb8 5. Bxc7 Qd7 6. Bxb8 e5 7. Bxe5 a6 8. Bxf6 axb5 9. Bh4 Nxd4 10. Qxd4 Qc6 11. O-O-O Bc5 12. Qxg7 Rf8 13. Qg5 Be7 14. Qxe7# {[%emt 0:00:23] normal} 1-0

[Event "DVM U12w 2023"]
[Site "Magdeburg"]
[Date "2023.12.28"]
[Round "4"]
[White "Mersmann, Jasmin"]
[Black "Albrecht, Sidney Jenna"]
[Result "1/2-1/2"]
[WhiteElo "1131"]
[BlackElo "1188"]
[PlyCount "92"]
[EventDate "2022.12.27"]
[EventType "team-tourn"]
[EventRounds "7"]
[EventCountry "GER"]
[TimeControl "40/5400+30:1800+30"]
[WhiteClock "1:06:57"]
[BlackClock "1:15:50"]

1. e4 c5 2. Nf3 Nc6 3. d4 cxd4 4. Nxd4 g6 5. Nc3 Bg7 6. Be3 Nf6 7. Bc4 Qa5 8. O-O Qb4 9. Nxc6 Qxc4 10. Nd4 O-O 11. Re1 Rd8 12. Nb3 b6 13. Bg5 h6 14. Bf4 Bb7 15. f3 Rac8 16. Qd2 g5 17. Bg3 e6 18. Bd6 Qc6 19. e5 Nd5 20. Nxd5 Qxd5 21. Qxd5 Bxd5 22. Nd4 f6 23. Be7 fxe5 24. Bxd8 exd4 25. Be7 Rxc2 26. Ba3 d3 27. Rec1 Rxc1+ 28. Rxc1 Bxa2 29. Rd1 Bc4 30. Kh1 Bd4 31. b3 Bb5 32. Bb4 a5 33. Bd2 a4 34. bxa4 Bxa4 35. Re1 Kf7 36. Re4 e5 37. g3 Ke6 38. Rg4 d5 39. h4 Kd6 40. hxg5 hxg5 41. Rxg5 Kc5 42. Rf5 b5 43. Rf8 b4 44. Rc8+ Kb5 45. Rb8+ Kc5 46. Rxb4 Be3 {[%emt 0:01:07] normal} 1/2-1/2

[Event "DVM U12w 2023"]
[Site "Magdeburg"]
[Date "2023.12.28"]
[Round "4"]
[White "Roessler, Helena"]
[Black "Seyedfakhari, Elena"]
[Result "1-0"]
[WhiteElo "1060"]
[BlackElo "860"]
[PlyCount "77"]
[EventDate "2022.12.27"]
[EventType "team-tourn"]
[EventRounds "7"]
[EventCountry "GER"]
[TimeControl "40/5400+30:1800+30"]
[WhiteClock "0:31:26"]
[BlackClock "1:26:31"]

1. Nf3 d5 2. g3 Nc6 3. Bg2 Nf6 4. O-O Bf5 5. d3 e6 6. Nc3 Bc5 7. Re1 O-O 8. Bg5 h6 9. Bf4 Ng4 10. Rf1 Qe7 11. e4 dxe4 12. dxe4 Bg6 13. Qe2 Rad8 14. h3 Nf6 15. Rad1 Nb4 16. a3 Nc6 17. Ne5 Nxe5 18. Bxe5 a5 19. Qc4 Nd7 20. Bf4 c6 21. Na4 b5 22. Qb3 bxa4 23. Qxa4 Bb6 24. Bd6 Qf6 25. Bxf8 Nxf8 26. Qb3 Qe5 27. Qxb6 Rc8 28. Rd8 Rxd8 29. Qxd8 Bxe4 30. Re1 f5 31. f3 Qxb2 32. fxe4 fxe4 33. Bxe4 Qxa3 34. Qd3 Qc5+ 35. Kg2 Qb4 36. Rf1 c5 37. Qf3 Qd2+ 38. Rf2 Qg5 39. Qxf8# {[%emt 0:00:10] normal} 1-0

[Event "DVM U12w 2023"]
[Site "Magdeburg"]
[Date "2023.12.28"]
[Round "4"]
[White "Artemenko, Isabella"]
[Black "Subocz, Barbara"]
[Result "1-0"]
[WhiteElo "1041"]
[BlackElo "1169"]
[PlyCount "125"]
[EventDate "2022.12.27"]
[EventType "team-tourn"]
[EventRounds "7"]
[EventCountry "GER"]
[TimeControl "40/5400+30:1800+30"]

1. d4 d5 2. Bf4 Nf6 3. e3 c5 4. c3 Nc6 5. Bd3 e6 6. Nd2 Bd6 7. Bg3 O-O 8. Ngf3 Re8 9. Ne5 Qc7 10. Nxc6 Qxc6 11. Nf3 Nd7 12. Bc2 a6 13. Qd3 f5 14. Qd2 b5 15. Bxd6 Qxd6 16. O-O Bb7 17. h3 Rf8 18. Rfe1 e5 19. dxe5 Nxe5 20. Nxe5 Qxe5 21. Rad1 f4 22. Qe2 f3 23. gxf3 Rf7 24. f4 Qe6 25. Qg4 Qh6 26. Kh2 Raf8 27. h4 Bc8 28. Qg5 Qe6 29. Qg2 Rf6 30. Qxd5 Rh6 31. Qxe6+ Bxe6 32. Kg3 Bf5 33. Bxf5 Rxf5 34. Rh1 Kf7 35. e4 Rfh5 36. Rd7+ Kf8 37. Rd5 Rxd5 38. exd5 Rd6 39. Rd1 Ke7 40. Kf3 Kf6 41. Ke4 a5 42. b3 h5 43. f5 a4 44. bxa4 bxa4 45. a3 c4 46. Rd4 g5 47. hxg5+ Kxg5 48. Ke5 Rd8 49. Rxc4 Re8+ 50. Kd6 h4 51. Rd4 h3 52. Kd7 h2 53. Rd1 Rh8 54. Rh1 Kg4 55. f6 Kf3 56. Ke7 Kg2 57. Rc1 h1=Q 58. Rxh1 Rxh1 59. f7 Rh7 60. Ke8 Rh8+ 61. f8=Q Rxf8+ 62. Kxf8 Kxf2 63. d6 {[%emt 0:00:33] normal} 1-0